 Dungeon Crawl Stone Soup version 0.20-a0-1018-ge435b50 (webtiles) character file.

47 roguesci the Insei (level 3, -2/18 HPs)
             Began as a Vine Stalker Transmuter on Apr 17, 2017.
             Killed from afar by Natasha (4 damage)
             ... with a magic dart
             ... on level 2 of the Dungeon.
             The game lasted 00:06:01 (1259 turns).

roguesci the Insei (Vine Stalker Transmuter)        Turns: 1259, Time: 00:06:02

Health: -2/18      AC:  3    Str: 12    XL:     3   Next: 70%
Magic:  0/7        EV: 12    Int: 14    God:
Gold:   68         SH:  0    Dex: 14    Spells: 0/6 levels left

rFire    . . .     SeeInvis .     - Unarmed
rCold    . . .     Gourm    .   (no shield)
rNeg     . . .     Faith    .   b - +0 robe
rPois    .         Spirit   +   (no helmet)
rElec    .         Reflect  .   n - +0 cloak
rCorr    .         Harm     .   (no gloves)
MR       .....                  (no boots)
Stlth    +.........             (no amulet)
Regen    0.1/turn               (no ring)
MPRegen  0.1/turn               (no ring)

@: very slightly contaminated
A: fangs 2, magic shield, antimagic bite, no potion heal 3, rot immunity
a: no special abilities


You were on level 2 of the Dungeon.
You were not hungry.

You visited 1 branch of the dungeon, and saw 2 of its levels.

You collected 68 gold pieces.

Inventory:

Missiles
 a - 9 arrows
 i - 70 bolts
 k - 12 stones (quivered)
Armour
 b - a +0 robe (worn)
 n - a +0 cloak (worn)
Scrolls
 e - a scroll of enchant weapon {unknown}
 g - a scroll of magic mapping {unknown}
 j - 2 scrolls of amnesia {unknown}
 l - a scroll of noise {unknown}
 m - 3 scrolls of random uselessness {unknown}
Potions
 f - a potion of curing {unknown}
Books
 c - a book of Changes

   Spells                             Type                      Level
   a - Beastly Appendage              Transmutation                1
   b - Sticks to Snakes               Transmutation                2
   c - Spider Form                    Transmutation/Poison         3
   d - Ice Form                       Ice/Transmutation            4
   e - Blade Hands                    Transmutation                5
Comestibles
 d - a bread ration
 h - a royal jelly
 o - a chunk of flesh


   Skills:
 * Level 1.8 Fighting
 * Level 2.1 Dodging
 + Level 0.3 Stealth
 - Level 3.0 Unarmed Combat
 + Level 2.4 Spellcasting
 * Level 2.6 Transmutations
 + Level 0.0 Poison Magic


You couldn't memorise any spells.
You knew the following spells:

 Your Spells              Type           Power        Failure   Level  Hunger
a - Beastly Appendage     Tmut           #.....       10%         1    #......
b - Sticks to Snakes      Tmut           #.......     14%         2    ###....
c - Spider Form           Tmut/Pois      #.........   47%         3    ###....


Dungeon Overview and Level Annotations

Branches:
Dungeon (2/15)

Altars:

Annotations:
D:2 Natasha


Innate Abilities, Weirdness & Mutations

You have extremely sharp teeth.
When hurt, damage is shared between your health and your magic reserves.
Your bite disrupts and absorbs the magic of your enemies.
Potions cannot restore your health.
You are immune to rotting.


Message History

Natasha misses you.
Your ball python closely misses Natasha. x2
The crimson imp hits your ball python.
Your ball python dies!
Casting: Beastly Appendage
Confirm with . or Enter, or press ? or * to list all spells.
You create a snake!
You now have 9 arrows.
Natasha closely misses you.
The crimson imp blinks!
Natasha claws you.
There is a stone staircase leading up here.
You closely miss Natasha.
Natasha is moderately wounded.
Your ball python barely misses Natasha.
Your ball python completely misses Natasha.
Natasha claws you!
* * * LOW HITPOINT WARNING * * *
The goblin hits your ball python with a dagger.
Your ball python closely misses Natasha. x2
Natasha casts a spell at you. The magic dart hits you!
You die...

#(.. ####
.(... #..
##.....
#.###.......
###.##.(#
#..5.†.##
#.Sg.###
###.h###
#..@.#
######


You could see Natasha, a crimson imp, a goblin and a friendly ball python.

Vanquished Creatures
  A dart slug (D:2)
  A giant cockroach (D:1)
  A goblin (D:1)
  4 hobgoblins (D:1)
  4 jackals (D:1)
  A bat (D:1)
  3 frilled lizards (D:1)
  3 kobolds (D:1)
  3 rats (D:1)
21 creatures vanquished.

Vanquished Creatures (collateral kills)
  Natasha (D:2)
1 creature vanquished.

Grand Total: 22 creatures vanquished

Notes
Turn   | Place    | Note
-------+----------+-------------------------------------------
     0 | D:1      | roguesci the Vine Stalker Transmuter began the quest for the Orb.
     0 | D:1      | Reached XP level 1. HP: 9/9 MP: 4/4
   217 | D:1      | Reached skill level 1 in Fighting
   536 | D:1      | Reached XP level 2. HP: 14/14 MP: 4/6
  1135 | D:2      | Noticed Natasha
  1160 | D:1      | Learned a level 2 spell: Sticks to Snakes
  1186 | D:2      | Killed Natasha
  1186 | D:2      | Reached XP level 3. HP: 15/18 MP: 7/7
  1232 | D:2      | Learned a level 3 spell: Spider Form
  1243 | D:2      | Noticed Natasha
  1259 | D:2      | Killed from afar by Natasha

Vault maps used:
D:1:      minmay_arrival_nine_rooms
D:2:      minmay_ruptured, uniq_robin, uniq_natasha

Skill      XL: |  1  2 |
---------------+-------+-----
Fighting       | 1 |  1.8
Dodging        | 2 |  2.1
Stealth        | |  0.3
Unarmed Combat | |  3.0
Spellcasting   | |  2.4
Transmutations | |  2.6

Action                   || total
-------------------------++-------
Melee: Unarmed           ||    77
       Bite              ||    12
       Kick              ||     6
       Punch             ||     1
       Headbutt          ||     5
Throw: Stone             ||    12
 Cast: Beastly Appendage ||    13
       Sticks to Snakes  ||     3
  Eat: Royal jelly       ||     1
Armor: Robe              ||    16
Dodge: Dodged            ||    54
